 Dungeon Crawl Stone Soup version 0.30-a0-639-g3916f1956a (webtiles) character file.

Game seed: 15402785296616304145

26 ryw the Cudgeller (level 2, -5/25 HPs)
             Began as an Armataur Gladiator on Jan 16, 2023.
             Slain by Sigmund
             ... wielding a +0 scythe
              (8 damage)
             ... on level 2 of the Dungeon.
             The game lasted 00:01:44 (683 turns).

ryw the Cudgeller (Armataur Gladiator)               Turns: 683, Time: 00:01:45

Health: -5/25      AC:  5    Str: 19    XL:     2   Next: 89%
Magic:  2/2        EV: 10    Int:  8    God:
Gold:   52         SH:  0    Dex: 11    Spells: 1/1 levels left

rFire   + . .      SeeInvis .    a - +0 flail
rCold   + . .      Faith    .    (no shield)
rNeg    . . .      Spirit   .    b - +0 leather armour
rPois   +          Reflect  .    c - +0 helmet
rElec   +          Harm     .    (no cloak)
rCorr   +          Roll     +    (no gloves)
Will    .....                    (no barding)
Stlth   +                        (no amulet)
HPRegen 0.24/turn                (no ring)
MPRegen 0.08/turn                (no ring)

@: mighty, brilliant, resistant
A: large, rugged brown scales 3, deformed body, armoured tail, roll, long
tongue, awkward tongue
a: no special abilities


You were on level 2 of the Dungeon.
You visited 1 branch of the dungeon, and saw 2 of its levels.

You collected 52 gold pieces.

Inventory:

Hand Weapons
 a - a +0 flail (weapon)
Armour
 b - a +0 leather armour (worn)
 c - a +0 helmet (worn)
Scrolls
 h - a scroll of poison {unknown}
 j - a scroll of acquirement {unknown}
Potions
 g - a potion of brilliance


   Skills:
 + Level 2.1 Fighting
 + Level 2.9 Maces & Flails
 + Level 2.1 Throwing
 + Level 1.1 Armour
 + Level 2.4 Dodging


You had one spell level left.
You didn't know any spells.
Your spell library contained the following spells:

 Spells                   Type           Power      Damage    Failure   Level
 Apportation              Tloc           0%         N/A       45%         1
 Kiss of Death            Conj/Necr      0%         2d5       45%         1
 Magic Dart               Conj           0%         1d3       45%         1
 Necrotise                Necr           0%         1d4       45%         1
 Blink                    Tloc           0%         N/A       61%         2
 Vampiric Draining        Necr           0%         2d6       83%         3
 Manifold Assault         Tloc           0%         N/A       99%         4
 Agony                    Necr           0%         N/A       100%        5
 Storm Form               Tmut/Air       0%         N/A       100%        7


Dungeon Overview and Level Annotations

Branches:
Dungeon (2/15)

Altars:

Annotations:
D:2 Sigmund


Innate Abilities, Weirdness & Mutations

You are completely covered in rugged brown scales. (AC +3, +7% HP)
Armour fits poorly on your strangely shaped body.
You have a long armoured tail.
You roll when moving toward enemies. (Rampage)
Your long tongue fully drains potion bottles. (2x potion effects)
Your tongue gives you trouble enunciating. (1.5x scroll delay)


Message History

You miss something.
You slurp down every last drop of the 2 purple potions!
It was a potion of brilliance.
You feel clever all of a sudden. Something hits you!
* * * LOW HITPOINT WARNING * * *
You slurp down every last drop of the orange potion!
It was a potion of ambrosia.
You are confused.
You feel invigorated. Something hits you!
* * * LOW HITPOINT WARNING * * *
You bump into the rock wall.
You bump into the rock wall.
Something hits you.
You miss something. Something hits you!
You feel less invigorated.
You feel less confused. Something hits you!
You barely miss something. Something hits you.
You miss something. Something hits you.
You slurp down every last drop of the cyan potion!
It was a potion of might.
You feel very mighty all of a sudden. Something hits you.
* * * LOW HITPOINT WARNING * * *
You sock something!
Your tail-slap misses something.
You miss something.
You hear some strange, mumbled words.
You are confused.
You hear some strange, mumbled words.
Something tries to affect you, but you resist.
You're too confused to move!
Something hits you but does no damage.
You bump into the rock wall.
You miss something. Something hits you but does no damage.
You barely miss something.
Your tail-slap misses something.
Something hits you but does no damage.
You feel less confused. Something hits you.
* * * LOW HITPOINT WARNING * * *
You miss something. Something hits you!
You die...

..... @.... ## .#
... .# .. ... .#
###. ###.# .####
..... ...# ....#
......##.######....#
..<....<..{@.)....#
........†########..#
...........# #
...........(..
....####.#..#..#
##.. #.##.(..# ...
..# ###. .. #.. .
#.#


There were no monsters in sight!

Vanquished Creatures
  An adder (D:2)
  An endoplasm (D:1)
  3 giant cockroaches
  4 goblins
  2 quokkas (D:1)
  2 bats (D:1)
  2 rats (D:1)
15 creatures vanquished.

Notes
Turn   | Place    | Note
-------+----------+-------------------------------------------
     0 | D:1      | ryw the Armataur Gladiator began the quest for the Orb.
     0 | D:1      | Reached XP level 1. HP: 18/18 MP: 1/1
   188 | D:1      | Reached XP level 2. HP: 25/25 MP: 2/2
   459 | D:1      | Got An Introduction to Hermetics
   637 | D:2      | Reached skill level 1 in Armour
   650 | D:2      | Noticed Sigmund
   683 | D:2      | Slain by Sigmund

Illustrated notes

Levels and vault maps discovered:
D:1:      minmay_arrival_four_loops, layout_loops_ring
D:2:      layout_rooms, uniq_natasha, uniq_sigmund

Skill      XL: |  1  2 |
---------------+-------+-----
Fighting       | 2 |  2.1
Throwing       | 2 |  2.1
Armour         | 1 |  1.1
Maces & Flails | |  2.9
Dodging        | |  2.4

Action                   || total
-------------------------++-------
Melee: Flail             ||    42
       Tailslap          ||     3
Throw: Throwing net      ||     3
       Javelin           ||     1
  Use: Potion            ||     4
Armor: Leather armour    ||    18
Dodge: Dodged            ||    14

Table legend: (Time is in decaauts)
 A = Elapsed time spent in this place.
 B = Non-inter-level travel time spent in this place.
 C = Inter-level travel time spent in this place.
 D = Time resting spent in this place.
 E = Time spent auto-exploring this place.
 F = Levels seen in this place.
 G = Mean time per level.
                   A        B        C        D        E       F      G
               +--------+--------+--------+--------+--------+-----+--------+
         Total |    693 |    693 |      0 |     10 |    559 |   2 |  346.5 |
       Dungeon |    693 |    693 |      0 |     10 |    559 |   2 |  346.5 |
               +--------+--------+--------+--------+--------+-----+--------+

Top non-repeatable levels by time:
     D:1: 634 daAuts
     D:2: 59 daAuts
